 Dungeon Crawl Stone Soup version 0.31.0-4-g52a2dc7128 (webtiles) character file.

Game seed: 12010181596055796560

27611 BeingJoeMalik the Thaumaturge (level 13, -6/93 (96) HPs)
             Began as a Grey Draconian Hedge Wizard on Jan 21, 2024.
             Was a High Priest of Hepliaklqana.
             Mangled by an orc knight
             ... wielding a +0 glaive
              (14 damage)
             ... on level 2 of the Orcish Mines.
             The game lasted 01:20:07 (19688 turns).

BeingJoeMalik the Thaumaturge (DrHW)               Turns: 19688, Time: 01:20:07

HP:   -6/93 (96)    AC: 18    Str: 17    XL:     13   Next: 5%
MP:   17/26         EV: 12    Int: 25    God:    Hepliaklqana [*****.]
Gold: 836           SH:  0    Dex: 10    Spells: 15/35 levels left

rFire   . . .        K - staff of conjuration
rCold   . . .        (no shield)
rNeg    + . .        (body armour unavailable)
rPois   .            b - +0 hat
rElec   .            B - +0 cloak
rCorr   +            z - +0 pair of gloves
SInv    .            M - +2 pair of boots "Oschyg" {rCorr Str+3}
Will    .....        S - amulet of magic regeneration
Stlth   ++           o - ring of positive energy
HPRegen 0.35/turn    t - +6 ring of intelligence
MPRegen 0.60/turn

%: no passive effects
@: lightly drained
A: reduced essence, AC +13, amphibious, unfitting armour, cold-blooded, low MP
1, wild magic 1
a: Renounce Religion, Recall Ancestor, Ancestor Identity, Transference, Idealise


You were on level 2 of the Orcish Mines.
You worshipped Hepliaklqana.
Hepliaklqana was extremely pleased with you.
You visited 3 branches of the dungeon, and saw 15 of its levels.
You also visited: Sewer, Ossuary and Bailey.

You collected 1325 gold pieces.
You spent 489 gold pieces at shops.

Inventory:

Hand Weapons
 a - a +1 dagger
 m - a +0 dagger of speed
 y - a +2 dagger of venom
 Q - a +3 demon trident
Missiles
 q - 31 poisoned darts
Armour
 b - a +0 hat (worn)
 z - a +0 pair of gloves (worn)
 B - a +0 cloak (worn)
 M - the +2 pair of boots "Oschyg" (worn) {rCorr Str+3}
   (You acquired it in a bailey)

   Str+3:     It affects your strength (+3).
   rCorr:     It protects you from acid and corrosion.
Magical Staves
 I - a staff of death
 K - a staff of conjuration (weapon)
 L - a staff of cold
Jewellery
 n - an amulet of regeneration
 o - a ring of positive energy (left hand)
 t - a +6 ring of intelligence (right hand)
 D - an amulet of reflection
 E - a +5 ring of evasion
 F - a ring of fire
 H - a +6 ring of dexterity
 J - an amulet of guardian spirit
 P - a ring of protection from cold
 S - an amulet of magic regeneration (around neck)
Wands
 p - a wand of iceblast (21)
 r - a wand of flame (11)
 s - a wand of light (14)
Scrolls
 e - 5 scrolls of immolation
 g - a scroll of butterflies
 h - a scroll of fog
 i - 2 scrolls of fear
 k - a scroll of enchant weapon
 u - 2 scrolls of blinking
 v - a scroll of noise
 x - a scroll of silence
 C - 2 scrolls of amnesia
 G - 2 scrolls of vulnerability
 R - a scroll of teleportation
Potions
 c - 2 potions of magic
 d - 4 potions of haste
 f - 8 potions of curing
 j - a potion of enlightenment
 l - 2 potions of berserk rage
 w - a potion of mutation
 A - 2 potions of brilliance
 N - 2 potions of heal wounds
 O - a potion of ambrosia


   Skills:
 * Level 7.8 Fighting
 - Level 1.7 Dodging
 - Level 1.7 Stealth
 + Level 11.9 Spellcasting
 + Level 10.5 Conjurations
 - Level 10.5 Summonings
 - Level 1.0 Translocations
 * Level 5.7 Fire Magic
 - Level 2.5 Air Magic
 - Level 3.0 Earth Magic
 - Level 5.0 Alchemy


You had 15 spell levels left.
You knew the following spells:

 Your Spells              Type           Power      Damage    Failure   Level
a - Magic Dart            Conj           100%       1d8       1%          1
b - Call Imp              Summ           100%       N/A       1%          2
c - Summon Small Mammal   Summ           100%       N/A       1%          1
d - Call Canine Familiar  Summ           73%        N/A       1%          3
e - Mephitic Cloud        Conj/Alch/Air  73%        N/A       2%          3
f - Flame Wave            Conj/Fire      83%        2d18      2%          4
g - Dazzling Flash        Conj/Hex       100%       N/A       2%          3
h - Stone Arrow           Conj/Erth      100%       3d13      1%          3

Your spell library contained the following spells:

 Spells                   Type           Power      Damage    Failure   Level
 Summon Blazeheart Golem  Fire/Summ      64%        N/A       2%          4
 Cigotuvi's Dreadful Rot  Necr/Alch/Air  70%        N/A       4%          2
 Volatile Blastmotes      Fire/Tloc      82%        2d16      5%          3
 Inner Flame              Hex/Fire       38%        N/A       6%          3
 Slow                     Hex            76%        N/A       7%          1
 Blink                    Tloc           52%        N/A       7%          2
 Sticky Flame             Fire/Alch      53%        2d9       7%          4
 Irradiate                Conj/Alch      40%        3d25      8%          5
 Sublimation of Blood     Necr           19%        N/A       10%         2
 Petrify                  Alch/Erth      45%        N/A       12%         4
 Starburst                Conj/Fire      41%        6d12      30%         6
 Lehudib's Crystal Spear  Conj/Erth      38%        10d9      100%        8
 Maxwell's Capacitive Co  Air            17%        ∞         100%        8
 Animate Armour           Summ/Erth      Unusable   N/A       N/A         4

Dungeon Overview and Level Annotations

Branches:
Dungeon (12/15)            Temple (1/1) D:4            Lair (0/5) D:10
    Orc (2/2) D:12            Elf (0/3) Orc:2         Sewer (visited)
Ossuary (visited)          Bailey (visited)

Altars:
Ashenzari
Cheibriados
Dithmenos
Elyvilon
Fedhas
Hepliaklqana
Kikubaaqudgha
Makhleb
Nemelex Xobeh
Okawaru
Qazlal
Ru
Sif Muna
Trog
Uskayaw
Vehumet
Wu Jian
Xom
Yredelemnul
Zin
The Shining One

Shops:
D:7 (   Orc:1 *   Orc:2 :?*

Portals:
Abyss: D:11

Annotations:
D:3 Grinder
D:7 5 runed translucent doors
D:11 2 transporters, middlethird's ghost, journeyman VSFE


Innate Abilities, Weirdness & Mutations

Your life essence is reduced to manifest your ancestor. (-10% HP)
Your dull iron-grey scales are very hard. (AC +13)
You are amphibious.
You cannot fit into any form of body armour.
You are cold-blooded and may be slowed by cold attacks.
Your magical capacity is low. (-10% MP)
Your spells are a little harder to cast, but a little more powerful.


Message History

Casting: Magic Dart (safe; 1% risk of failure)
Confirm with . or Enter, or press ? or * to list all spells.
Aiming: Stone Arrow (safe; 1% risk of failure)
Press: ? - help, Shift-Dir - straight line You feel a surge of power!
Demetirus avoids your attack.
The stone arrow hits the orc knight!
The orc knight is moderately wounded.
Your cerulean imp hits the orc knight with a +1 spear.
The orc knight is engulfed in seething chaos.
The orc knight seems to grow stronger.
The orc knight hits you from afar with a +0 glaive!!
Demetirus gestures at the orc knight while chanting.
The puff of frost hits the orc knight but does no damage.
Casting: Stone Arrow (safe; 1% risk of failure)
Confirm with . or Enter, or press ? or * to list all spells.
Aiming: Stone Arrow (safe; 1% risk of failure)
Press: ? - help, Shift-Dir - straight line You feel a surge of power!
Demetirus avoids your attack.
The stone arrow misses the orc knight.
Your cerulean imp barely misses the orc knight.
The orc knight is engulfed in seething chaos.
The orc knight seems to speed up.
The orc knight hits you from afar with a +0 glaive!!
Demetirus barely misses the orc knight.
Your cerulean imp hits the orc knight but does no damage.
The orc knight hits Demetirus with a +0 glaive!!!
Demetirus is destroyed!
The orc knight hits your cerulean imp with a +0 glaive!!!
Your cerulean imp dies!
Your cerulean imp disappears in a puff of smoke!
The orc knight roars a battlecry!
The orc sorcerer gestures at you while chanting.
The bolt of negative energy hits you! You partially resist.
You feel drained.
Things that are here:
a +0 short sword; a +0 dagger; a +0 robe The orc knight attacks as it pursues you!
The orc knight hits you from afar with a +0 glaive!!
* * * LOW HITPOINT WARNING * * *
The orc knight hits you from afar with a +0 glaive!
You die...

.............###..o#.#.#...##
............###...##.o4##...##
...........###..o##o.#. ##...##
..........###...##..### ##...##
.........###.#.##..# ##.#)##
........###...##.o# ##)).#
....##...###.#o##. ##)#.##
..........###..)## ##...###
.........).###..@## ##...###.
......h.##.[###...## ##...###..
.......####.[###...## ##...###..#
......##.###[.###..)###...###..##
.....#....###..##....#....##..###
...##......###.5#.#.....#R#R)###.
..#.##.###.####.(......)..).###..
.............###...#.#.#.).###...
[)............###.........###....


You could see an orc knight (fast, strong).

Vanquished Creatures
  An ettin (Orc:1)
  A soul eater (Orc:2)
  An orc high priest (Orc:2)
  3 skeletal warriors (D:11)
  2 orc knights
  6 orc sorcerers
  An orange demon (Orc:2)
  An unseen horror (D:11)
  2 komodo dragons
  An ice devil (Orc:2)
  A troll (D:11)
  A yak (D:9)
  A chaos spawn (Orc:2)
  An acid dragon (D:11)
  8 orc warriors
  2 ogres
  3 centaurs
  3 kobold brigands
  2 elf zombies (Ossuary)
  5 bullfrogs
  3 scorpions
  A burial acolyte (Ossuary)
  4 howler monkeys
  2 electric eels (D:11)
  2 bombardier beetles (D:4)
  A centaur zombie (Ossuary)
  A hound (D:5)
  10 orc priests
  A gnoll bouda (D:6)
  3 human zombies (Ossuary)
  3 iguanas
  5 orc wizards
  A crocodile zombie (Ossuary)
  2 mummies (Ossuary)
  5 gnolls
  3 adders
  A white imp (D:5)
  4 adder zombies (Ossuary)
  A dart slug (D:5)
  42 orcs
  5 endoplasms
  7 giant cockroaches
  14 goblins
  13 hobgoblins
  9 jackals
  17 kobolds
  3 quokkas
  6 ball pythons
  3 ball python zombies (Ossuary)
  5 bats (D:1)
  3 frilled lizards
  6 jackal zombies (Ossuary)
  3 kobold zombies (Ossuary)
  7 rats
242 creatures vanquished.

Vanquished Creatures (collateral kills)
  4 two-headed ogres
  An orc high priest (Orc:2)
  Urug (D:10)
  A soul eater (Orc:2)
  A skeletal warrior (D:11)
  A deep elf zephyrmancer (Bailey)
  4 orc sorcerers
  An orc knight (Orc:2)
  A cyclops (D:11)
  A kobold blastminer (Orc:2)
  A komodo dragon (D:10)
  An ice devil (Orc:2)
  5 trolls
  2 hornets
  2 wyverns
  A wraith (D:11)
  4 yaks (D:9)
  2 wargs
  3 steam dragons
  2 acid dragons
  A water moccasin (D:6)
  22 orc warriors
  An ogre (Orc:1)
  4 centaurs
  2 bullfrogs
  2 elf zombies (Ossuary)
  2 scorpions (D:10)
  4 wights (D:9)
  3 howler monkeys
  An electric eel (D:11)
  A centaur zombie (Ossuary)
  A hound (D:7)
  10 orc priests
  A human zombie (Ossuary)
  A jelly (D:4)
  2 iguanas
  16 orc wizards
  A crocodile zombie (Ossuary)
  2 hound zombies (Ossuary)
  A mummy (Ossuary)
  4 gnolls
  An adder (D:4)
  A white imp (D:8)
  49 orcs
  A ball python (D:3)
  A giant cockroach (D:3)
  A goblin (D:3)
  A jackal (Sewer)
  5 kobolds
  A quokka (D:3)
  A jackal zombie (Ossuary)
  A rat (D:3)
184 creatures vanquished.

Vanquished Creatures (others)
  An orc wizard (Orc:1)
  An ancestor (D:7)
  18 battlemagi
20 creatures vanquished.

Grand Total: 446 creatures vanquished

Notes
Turn   | Place    | Note
-------+----------+-------------------------------------------
     0 | D:1      | BeingJoeMalik the Draconian Hedge Wizard began the quest
                  | for the Orb.
     0 | D:1      | Reached XP level 1. HP: 14/14 MP: 4/4
   264 | D:1      | Reached XP level 2. HP: 17/20 MP: 1/6
   332 | D:1      | Learned a level 2 spell: Call Imp
   345 | D:1      | Found a faded altar of an unknown god.
   818 | D:1      | Learned a level 1 spell: Summon Small Mammal
   835 | D:1      | Reached XP level 3. HP: 26/26 MP: 2/7
  1810 | D:2      | You fall into a shaft and drop 1 floor!
  2119 | D:3      | Reached XP level 4. HP: 33/33 MP: 0/8
  2394 | D:3      | Noticed Grinder
  2400 | D:3      | Paralysed by Grinder for 5 turns
  2409 | D:3      | Found a radiant altar of Vehumet.
  2456 | D:3      | Found a glowing drain.
  2463 | Sewer    | Entered a sewer
  2637 | D:4      | HP: 1/33 [burnt (3)]
  2851 | D:4      | Reached XP level 5. HP: 17/38 MP: 4/9
  3407 | D:4      | Found a staircase to the Ecumenical Temple.
  3424 | D:4      | Reached XP level 6. HP: 45/45 MP: 8/11
  3464 | Temple   | Entered the Ecumenical Temple
  3557 | Temple   | Became a worshipper of Hepliaklqana the Forgotten
  4047 | D:5      | Entered Level 5 of the Dungeon
  4049 | D:5      | Found a sand-covered staircase.
  4062 | Ossuary  | Entered an ossuary
  4469 | Ossuary  | Reached skill level 4 in Spellcasting
  4469 | Ossuary  | Reached skill level 5 in Conjurations
  4597 | Ossuary  | Your scales start taking on a dull iron-grey colour.
  4597 | Ossuary  | Reached XP level 7. HP: 50/50 MP: 4/13
  5275 | Ossuary  | Reached skill level 5 in Spellcasting
  5275 | Ossuary  | Reached skill level 5 in Summonings
  5279 | Ossuary  | Learned a level 3 spell: Call Canine Familiar
  5283 | Ossuary  | Learned a level 3 spell: Mephitic Cloud
  5721 | D:5      | Gained mutation: Your magical capacity is low. (-10% MP)
                  | [potion of mutation]
  5721 | D:5      | Gained mutation: Your spells are a little harder to cast,
                  | but a little more powerful. [potion of mutation]
  5774 | D:5      | Noticed a wraith
  5884 | D:5      | Reached XP level 8. HP: 45/57 MP: 3/14
  7349 | D:5      | Reached skill level 1 in Air Magic
  7581 | D:6      | Reached skill level 1 in Alchemy
  7799 | D:6      | Reached skill level 6 in Spellcasting
  8028 | D:6      | Reached * piety under Hepliaklqana
  8447 | D:6      | Found a burning altar of Makhleb.
  8721 | D:6      | Reached XP level 9. HP: 52/55 MP: 4/16
  9219 | D:7      | Learned a level 4 spell: Flame Wave
  9326 | D:7      | Found a runed translucent gate.
  9327 | D:7      | Found a runed translucent gate.
  9328 | D:7      | Found a runed translucent door.
  9394 | D:7      | Found Coetouf's Weapon Shop.
  9476 | D:7      | Found a runed translucent gate.
  9477 | D:7      | Found the +9 staff of Olgreb {rPois∞}
  9567 | D:7      | Found a runed translucent door.
  9630 | D:7      | Found an ornate altar of the Wu Jian Council.
  9896 | D:7      | Found a broken altar of Ashenzari.
 10203 | D:8      | Reached ** piety under Hepliaklqana
 10204 | D:8      | Remembered your ancestor Demetirus as a battlemage
 10232 | D:8      | Noticed a two-headed ogre
 10408 | D:8      | Reached skill level 7 in Spellcasting
 10531 | D:8      | Killed a two-headed ogre
 10532 | D:8      | Reached skill level 1 in Fighting
 10679 | D:8      | Noticed a two-headed ogre
 10686 | D:8      | Killed a two-headed ogre
 10703 | D:8      | Reached XP level 10. HP: 66/66 MP: 7/19
 10908 | D:8      | Found a sparkling altar of Nemelex Xobeh.
 10908 | D:8      | Found a shimmering altar of Xom.
 11024 | D:8      | Found a glowing golden altar of the Shining One.
 11063 | D:9      | Identified a scroll of acquirement
 11063 | D:9      | Acquired a staff of conjuration
 11070 | D:9      | Learned a level 3 spell: Dazzling Flash
 11085 | D:9      | Reached skill level 8 in Spellcasting
 11128 | D:9      | Found a bloodstained altar of Trog.
 11255 | D:9      | Found a flagged portal.
 11264 | Bailey   | Entered a bailey
 11498 | Bailey   | Reached *** piety under Hepliaklqana
 11507 | Bailey   | Found a large runed translucent door.
 11507 | Bailey   | Found a large runed translucent door.
 11508 | Bailey   | Noticed a deep elf zephyrmancer
 11537 | Bailey   | Noticed an orc knight
 11606 | Bailey   | Killed an orc knight
 11716 | Bailey   | Killed a deep elf zephyrmancer
 11768 | Bailey   | Acquired the +2 pair of boots "Oschyg" {rCorr Str+3}
 12211 | D:9      | Reached skill level 9 in Spellcasting
 12750 | D:9      | Reached skill level 5 in Alchemy
 12849 | D:10     | Entered Level 10 of the Dungeon
 13118 | D:10     | Noticed Urug
 13312 | D:10     | Reached XP level 11. HP: 56/76 MP: 13/21
 13557 | D:10     | Reached skill level 1 in Fire Magic
 13817 | D:10     | Found a staircase to the Lair.
 13907 | D:10     | Reached **** piety under Hepliaklqana
 13944 | D:10     | Killed Urug
 14251 | D:11     | Learned a level 3 spell: Stone Arrow
 14335 | D:11     | Noticed a two-headed ogre
 14341 | D:11     | Killed a two-headed ogre
 14342 | D:11     | Reached skill level 5 in Fighting
 14377 | D:11     | Noticed a skeletal warrior
 14387 | D:11     | Killed a skeletal warrior
 14411 | D:11     | Noticed a skeletal warrior
 14425 | D:11     | Killed a skeletal warrior
 14575 | D:11     | Noticed a two-headed ogre
 14583 | D:11     | Killed a two-headed ogre
 14584 | D:11     | Reached skill level 10 in Spellcasting
 14597 | D:11     | Identified the +1 leather armour of Words of Power {Str+3
                  | Dex+4 Stlth-}
 14597 | D:11     | Noticed a skeletal warrior
 14602 | D:11     | Noticed a skeletal warrior
 14614 | D:11     | Killed a skeletal warrior
 14872 | D:11     | Found a transporter.
 14874 | D:11     | Noticed a green ugly thing
 14936 | D:11     | Noticed a hell hog
 15131 | D:11     | Noticed middlethird's ghost (journeyman VSFE)
 15269 | D:11     | Found a transporter.
 15571 | D:11     | Found a one-way gate to the infinite horrors of the Abyss.
 15809 | D:11     | Killed a skeletal warrior
 16149 | D:12     | Found a staircase to the Orcish Mines.
 16166 | Orc:1    | Entered Level 1 of the Orcish Mines
 16189 | D:12     | Reached skill level 10 in Summonings
 16245 | Orc:1    | Noticed an orc sorcerer
 16252 | D:12     | Reached XP level 12. HP: 58/86 MP: 6/23
 16421 | Orc:1    | Noticed an ettin
 16491 | Orc:1    | Killed an ettin
 16676 | Orc:2    | Entered Level 2 of the Orcish Mines
 17016 | Orc:1    | Found Jetay's Assorted Antiques.
 17041 | Orc:1    | Bought a potion of curing for 87 gold pieces
 17041 | Orc:1    | Bought a potion of haste for 290 gold pieces
 17536 | Orc:2    | Reached skill level 11 in Spellcasting
 17617 | Orc:2    | Reached ***** piety under Hepliaklqana
 17840 | Orc:2    | Found Sygoink's Book Boutique.
 18364 | Orc:2    | Found a staircase to the Elven Halls.
 18492 | Orc:2    | Reached skill level 1 in Earth Magic
 18631 | Orc:2    | Reached skill level 10 in Conjurations
 18631 | Orc:2    | Reached skill level 5 in Fire Magic
 18692 | Orc:2    | Found Pidiz's General Store.
 18695 | Orc:2    | Found Jautzeri's Magic Scroll Shop.
 18812 | Orc:2    | Bought a potion of curing for 48 gold pieces
 18814 | Orc:2    | Bought a scroll of fog for 64 gold pieces
 18862 | Orc:2    | Noticed an orc high priest
 18874 | Orc:2    | Killed an orc high priest
 19479 | Orc:2    | Noticed an orc high priest
 19519 | Orc:2    | Killed an orc high priest
 19520 | Orc:2    | Reached XP level 13. HP: 91/96 MP: 15/26
 19688 | Orc:2    | Mangled by an orc knight

Illustrated notes

Levels and vault maps discovered:
D:1:      wander_arrival_peaceful_grave, layout_basic,
          hellmonk_ecumenical_altar_blasted, dreamdust_wishing_well,
          minmay_pentomino_o2
D:2:      layout_basic, corexii_item_surrounded_by_moat
D:3:      layout_basic, nicolae_overflow_hidden_temple, grunt_gozag_breadcrumbs,
          gup_sewer_entry_bubbles, minmay_shallow_snake_nest, uniq_grinder
D:4:      layout_rooms, minmay_temple_entry_glass
D:5:      corexii_shantytown, layout_basic, nicolae_ossuary_entry_plus,
          fountainhead
D:6:      layout_basic, bloody_makhleb
D:7:      layout_loops_ring, kennysheep_mini, nicolae_overflow_crystal_walls,
          serial_shops, nicolae_shop_bloodbath_and_beyond,
          minmay_guarded_unrand_staff_of_olgreb
D:8:      layout_rooms, kennysheep_mini_moat, gammafunk_temple_overflow_wave,
          hangedman_decor_riveting
D:9:      layout_gridville, bloody_trog, enter_bailey_2
D:10:     layout_loops_corners, grunt_lair_entry_orc_guard_hut, uniq_urug
D:11:     layout_basic, gammafunk_ghost_abyssal_escape
D:12:     layout_long_grid, orc_0_dummy, kennysheep_orc_sif_temple
Temple:   nicolae_temple_god_jail
Orc:1:    layout_caves, serial_shops, nicolae_lakefront_shop
Orc:2:    pf_orc_diabolical, layout_caves, serial_shops, shop

Skill      XL: |  1  2  3  4  5  6  7  8  9 10 11 12 |
---------------+-------------------------------------+-----
Conjurations   | 2 3 4 5 6 7 8 9 10 | 10.5
Summonings     | 2 3 4 5 6 7 8 10 | 10.5
Spellcasting   | 4 5 6 7 9 10 11 | 11.9
Air Magic      | 2 |  2.5
Alchemy        | 1 3 5 |  5.0
Fighting       | 2 4 6 7 |  7.8
Fire Magic     | 3 5 |  5.7
Earth Magic    | 3 |  3.0
Dodging        | |  1.7
Stealth        | |  1.7
Translocations | |  1.0

Action                     |  1- 3 |  4- 6 |  7- 9 | 10-12 | 13-15 || total
---------------------------+-------+-------+-------+-------+-------++-------
  Melee: Dagger            |    35 |    54 |    58 |       |       ||   147
         Tailslap          |     6 |     6 |    10 |     1 |       ||    23
         Punch             |       |       |     1 |       |       ||     1
         Staff             |       |       |       |    11 |       ||    11
  Throw: Throwing net      |       |       |       |     1 |       ||     1
   Cast: Magic Dart        |    86 |   145 |   357 |   467 |     7 ||  1062
         Summon Small Mamm |     3 |     7 |     8 |     2 |       ||    20
         Call Imp          |     1 |    15 |    40 |    47 |     1 ||   104
         Call Canine Famil |       |       |     2 |    19 |       ||    21
         Mephitic Cloud    |       |       |       |     4 |       ||     4
         Stone Arrow       |       |       |       |    60 |     4 ||    64
         Flame Wave        |       |       |       |     3 |       ||     3
         Dazzling Flash    |       |       |       |     2 |       ||     2
 Invoke: Ancestor Life: Ba |       |       |     1 |       |       ||     1
         Recall Ancestor   |       |       |       |     3 |       ||     3
    Use: Potion            |     2 |     3 |     2 |     4 |       ||    11
         Scroll            |       |     7 |    10 |     6 |       ||    23
   Stab: Distracted        |       |       |     2 |       |       ||     2
         Sleeping          |       |       |     1 |       |       ||     1
 Armour: Skin              |    26 |    88 |   120 |   223 |     5 ||   462
  Dodge: Dodged            |    29 |    74 |   106 |   153 |       ||   362
